 Dungeon Crawl Stone Soup version 0.22.0-34-g4f65f92 (webtiles) character file.

10523 xormask the Destroyer (level 11, 0/64 HPs)
             Began as a Deep Elf Wizard on Aug 24, 2018.
             Was a High Priest of Sif Muna.
             Slain by a warg (9 damage)
             ... on level 11 of the Dungeon.
             The game lasted 00:24:06 (15577 turns).

xormask the Destroyer (Deep Elf Wizard)            Turns: 15577, Time: 00:24:06

Health: 0/64       AC:  4    Str:  4    XL:     11   Next: 37%
Magic:  8/29       EV: 20    Int: 27    God:    Sif Muna [*****.]
Gold:   541        SH:  0    Dex: 17    Spells: 15/34 levels left

rFire    . . .     SeeInvis .   A - +2 falchion (elec)
rCold    + . .     Gourm    .   (no shield)
rNeg     . . .     Faith    .   a - +0 robe
rPois    .         Spirit   .   b - +0 hat
rElec    .         Reflect  .   D - +0 cloak
rCorr    .         Harm     .   m - +0 pair of gloves
MR       +....                  (no boots)
Stlth    ++........             o - amulet of regeneration
HPRegen  0.60/turn              H - +2 ring of evasion
MPRegen  0.21/turn              L - +4 ring of dexterity

@: about to teleport, divine energy
A: talons 1, blink, cold resistance 1
a: Blink, Stop Divine Energy, Channel Magic, Forget Spell, Renounce Religion


You were on level 11 of the Dungeon.
You worshipped Sif Muna.
Sif Muna was extremely pleased with you.
You were hungry.

You visited 2 branches of the dungeon, and saw 12 of its levels.

You collected 541 gold pieces.

Inventory:

Hand Weapons
 f - a +2 falchion of holy wrath
 A - a +2 falchion of electrocution (weapon)
Armour
 a - a +0 robe (worn)
 b - a +0 hat (worn)
 m - a +0 pair of gloves (worn)
 w - the +9 plate armour of Restlessness {Dex+2 SInv}
   (You found it on level 6 of the Dungeon)

   It affects your dexterity (+2).
   It lets you see invisible.
 D - a +0 cloak (worn)
Jewellery
 o - an amulet of regeneration (around neck)
 B - an uncursed ring of flight
 H - a +2 ring of evasion (left hand)
 L - a +4 ring of dexterity (right hand)
 M - an uncursed ring of fire
Wands
 g - a wand of flame (43)
 k - a wand of acid (5)
 C - a wand of digging (4)
 J - a wand of enslavement (8)
Scrolls
 c - 4 scrolls of amnesia
 i - 5 scrolls of enchant armour
 l - 3 scrolls of enchant weapon
 q - 5 scrolls of immolation
 v - 2 scrolls of remove curse
 x - a scroll of magic mapping
 y - 2 scrolls of fear {unknown}
 E - 2 scrolls of fog {unknown}
 I - 2 scrolls of random uselessness {unknown}
Potions
 e - a potion of mutation
 h - a potion of haste {unknown}
 j - 3 potions of flight
 n - 2 potions of brilliance {unknown}
 p - a potion of lignification {unknown}
 r - 2 potions of resistance
 t - 4 potions of curing
 u - 2 potions of heal wounds
 z - a potion of agility {unknown}
 F - a potion of degeneration {unknown}
 G - a potion of ambrosia {unknown}
 K - 2 potions of might
Comestibles
 d - 19 rations


   Skills:
 - Level 5.3 Fighting
 - Level 8.2 Dodging
 - Level 2.4 Stealth
 + Level 12.0 Spellcasting
 * Level 13.4 Conjurations
 - Level 1.1 Summonings
 + Level 0.8 Necromancy
 - Level 1.1 Translocations


You had 15 spell levels left.
You knew the following spells:

 Your Spells              Type           Power        Failure   Level  Hunger
a - Magic Dart            Conj           ####         0%          1    None
b - Blink                 Tloc           N/A          3%          2    None
c - Call Imp              Summ           ###.....     3%          2    None
d - Conjure Flame         Conj/Fire      ######..     1%          3    None
e - Mephitic Cloud        Conj/Pois/Air  #####...     1%          3    None
f - Slow                  Hex            ###.....     5%          2    None
g - Iskenderun's Mystic   Conj           ######..     1%          4    None
h - Sublimation of Blood  Necr           ###.......   3%          2    None

Your spell library contained the following spells:

 Spells                   Type           Power        Failure   Level  Hunger
 Searing Ray              Conj           ######       1%          2    None
 Dazzling Spray           Conj/Hex       ######       1%          3    None
 Force Lance              Conj/Tloc      ######..     1%          4    None
 Fulminant Prism          Conj/Hex       ######....   2%          4    None
 Corona                   Hex            ###....      3%          1    None
 Ensorcelled Hibernation  Hex/Ice        ###...       5%          2    None
 Portal Projectile        Hex/Tloc       ###...       9%          3    None
 Regeneration             Chrm/Necr      ###.......   9%          3    None
 Inner Flame              Hex/Fire       ###.....     11%         3    None
 Ozocubu's Armour         Chrm/Ice       ###.....     11%         3    None
 Summon Lightning Spire   Summ/Air       ###.....     28%         4    None
 Cause Fear               Hex            ###.......   34%         4    None
 Leda's Liquefaction      Hex/Erth       ###.......   34%         4    None
 Conjure Ball Lightning   Conj/Air       ######....   34%         6    #####..
 Freezing Cloud           Conj/Ice/Air   #####.....   65%         6    #####..
 Silence                  Hex/Air        ###.......   67%         5    ###....
 Deflect Missiles         Chrm/Air       ###.......   99%         6    #####..
 Tornado                  Air            ###.......   100%        9    #######


Dungeon Overview and Level Annotations

Branches:
Dungeon (11/15)            Temple (1/1) D:7            Lair (0/6) D:11
    Orc: D:9-12

Altars:
Ashenzari
Cheibriados
Dithmenos
Elyvilon
Fedhas
Gozag
Hepliaklqana
Kikubaaqudgha
Makhleb
Nemelex Xobeh
Okawaru
Qazlal
Ru
Sif Muna
Trog
Uskayaw
Vehumet
Wu Jian
Xom
Yredelemnul
Zin
The Shining One


Innate Abilities, Weirdness & Mutations

You have sharp toenails.
You can translocate small distances at will.
Your flesh is cold resistant. (rC+)


Message History

The floor.
You feel better. The warg bites you!
* * * LOW HITPOINT WARNING * * *
The orc warrior throws a stone.
The stone hits you!
* * * LOW HITPOINT WARNING * * *
You feel much better. The warg bites you!
* * * LOW HITPOINT WARNING * * *
Something hits the warg.
The orc warrior throws a stone.
The stone hits you.
* * * LOW HITPOINT WARNING * * *
Unknown command.
As you read the scroll of teleportation, it crumbles to dust.
You feel strangely unstable.
Something hits the centaur.
The centaur is engulfed in noxious fumes.
The centaur appears confused.
The warg completely misses you.
The orc warrior throws a stone.
The stone hits you.
* * * LOW HITPOINT WARNING * * *
Something hits the orc priest.
The centaur is engulfed in noxious fumes.
The centaur appears confused.
The warg bites you!
You die...

. #...r...#.................#
..#.......#.................#
...o.P)...............)..[...#
.............................#
......)>(..((..#....#........#
.......)..c(§.)#....#.........
..........(o§(.#....#.........
...#.......#{h(#....#.........
...#.......#.@.#....#.........
##.....##...#....#.........
##...###...#....#
...............#
....ho.........# ............#
.......<...[# ...o.######### .


You could see a warg, 2 orc warriors, a centaur (confused) and an orc priest.

Vanquished Creatures
  Harold (D:8)
  A two-headed ogre (D:11)
  An unseen horror (D:11)
  An ugly thing (D:11)
  Maurice (D:8)
  5 polar bears (D:9)
  A hippogriff (D:9)
  A wyvern (D:10)
  A human (D:6)
  A vampire (D:11)
  2 yaks (D:9)
  4 hogs (D:7)
  A warg (D:11)
  Menkaure (D:4)
  An orc warrior (D:9)
  An eye of draining (D:10)
  2 phantoms
  5 ice beasts
  7 sky beasts
  A necrophage (D:8)
  3 black bears
  2 ogres
  2 wolves (D:9)
  6 centaurs
  3 big kobolds
  7 bullfrogs
  A gnoll sergeant (D:10)
  4 scorpions
  9 killer bees
  2 lava snakes (D:8)
  2 crimson imps
  A centaur zombie (D:8)
  A wyvern simulacrum (D:9)
  2 bullfrog zombies (D:7)
  2 quasits (D:10)
  2 bullfrog skeletons
  3 centaur skeletons
  2 hounds
  A jelly (D:8)
  3 orc priests
  5 orc wizards
  2 iguanas
  12 worker ants
  A bullfrog simulacrum (D:9)
  A hound skeleton (D:8)
  6 gnolls
  10 adders
  2 hound simulacra (D:9)
  5 shadow imps
  4 white imps (D:9)
  A worker ant simulacrum (D:9)
  An ufetubus (D:9)
  2 oozes
  An adder skeleton (D:6)
  An adder zombie (D:5)
  2 dart slugs
  An adder simulacrum (D:9)
  8 leopard geckos
  26 orcs
  A ball python (D:1)
  3 giant cockroaches (D:3)
  10 goblins
  11 hobgoblins
  18 jackals
  7 quokkas
  11 bats
  5 frilled lizards
  20 kobolds
  2 leopard gecko skeletons
  A quokka skeleton (D:2)
  5 rats
282 creatures vanquished.

Vanquished Creatures (collateral kills)
  A quokka (D:9)
1 creature vanquished.

Grand Total: 283 creatures vanquished

Notes
Turn   | Place    | Note
-------+----------+-------------------------------------------
     0 | D:1      | xormask the Deep Elf Wizard began the quest for the Orb.
     0 | D:1      | Reached XP level 1. HP: 10/10 MP: 7/7
   455 | D:1      | Reached skill level 2 in Conjurations
   455 | D:1      | Reached XP level 2. HP: 15/15 MP: 6/9
   459 | D:1      | Learned a level 2 spell: Blink
   462 | D:1      | Learned a level 2 spell: Call Imp
  1682 | D:1      | Reached XP level 3. HP: 13/20 MP: 6/11
  2271 | D:2      | Reached skill level 5 in Spellcasting
  2373 | D:2      | Reached skill level 3 in Conjurations
  2639 | D:2      | Reached XP level 4. HP: 21/24 MP: 9/13
  2652 | D:2      | Learned a level 3 spell: Conjure Flame
  2656 | D:2      | Learned a level 3 spell: Mephitic Cloud
  2659 | D:2      | Learned a level 2 spell: Slow
  2805 | D:2      | Reached skill level 1 in Fighting
  2932 | D:3      | Found a burning altar of Makhleb.
  2932 | D:3      | Noticed an Executioner
  2936 | D:3      | Noticed an orange demon
  2936 | D:3      | Noticed a hellwing
  3963 | D:3      | Reached skill level 4 in Conjurations
  3963 | D:3      | Reached XP level 5. HP: 7/29 MP: 6/14
  4571 | D:4      | Reached XP level 6. HP: 21/36 MP: 9/15
  4913 | D:4      | Found a sparkling altar of Nemelex Xobeh.
  4923 | D:4      | Noticed Menkaure
  5015 | D:4      | Killed Menkaure
  5015 | D:4      | Reached skill level 5 in Dodging
  5219 | D:5      | Entered Level 5 of the Dungeon
  5240 | D:5      | Reached XP level 7. HP: 41/41 MP: 8/16
  5741 | D:5      | Found an iron altar of Okawaru.
  6951 | D:6      | Reached XP level 8. HP: 35/48 MP: 11/17
  7251 | D:6      | Got a distressingly furry plate armour
  7262 | D:6      | Identified the +9 plate armour of Restlessness {Dex+2 SInv} (You found it on level 6 of the Dungeon)
  7324 | D:7      | Found a bloodstained altar of Trog.
  7589 | D:7      | Found a shattered altar of Ashenzari.
  7601 | D:7      | Found a staircase to the Ecumenical Temple.
  7664 | D:7      | Reached skill level 5 in Fighting
  7682 | Temple   | Entered the Ecumenical Temple
  7776 | Temple   | Became a worshipper of Sif Muna the Loreminder
  8341 | D:7      | Reached skill level 5 in Conjurations
  8344 | D:7      | Reached skill level 6 in Conjurations
  8885 | D:7      | Found a sparkling altar of Nemelex Xobeh.
  9102 | D:7      | Reached * piety under Sif Muna
  9102 | D:7      | Reached XP level 9. HP: 37/54 MP: 12/21
  9199 | D:8      | Noticed Maurice
  9204 | D:7      | Reached skill level 7 in Conjurations
  9282 | D:8      | Killed Maurice
  9480 | D:8      | Reached skill level 8 in Conjurations
  9556 | D:8      | Noticed Harold
  9807 | D:8      | Reached ** piety under Sif Muna
  9974 | D:8      | Reached skill level 9 in Conjurations
 10094 | D:8      | Found a snail-covered altar of Cheibriados.
 10221 | D:8      | Gained mutation: You have sharp toenails. [potion of mutation]
 10221 | D:8      | Gained mutation: Your flesh is cold resistant. (rC+) [potion of mutation]
 10221 | D:8      | Gained mutation: You can translocate small distances at will. [potion of mutation]
 10348 | D:8      | Killed Harold
 10348 | D:8      | Reached skill level 10 in Conjurations
 10348 | D:8      | Reached XP level 10. HP: 58/58 MP: 3/25
 10728 | D:9      | Reached *** piety under Sif Muna
 11213 | D:9      | Found a shimmering altar of Xom.
 11214 | D:9      | Found a hazy altar of Hepliaklqana.
 11415 | D:8      | Reached skill level 10 in Spellcasting
 11501 | D:9      | Reached skill level 11 in Conjurations
 11718 | D:9      | Reached **** piety under Sif Muna
 12175 | D:9      | Reached skill level 12 in Conjurations
 12779 | D:10     | Entered Level 10 of the Dungeon
 13829 | D:10     | Reached XP level 11. HP: 39/63 MP: 0/28
 14349 | D:11     | HP: 2/63 [something (9)]
 14637 | D:9      | Learned a level 4 spell: Iskenderun's Mystic Blast
 14863 | D:10     | Reached ***** piety under Sif Muna
 14863 | D:10     | Identified Sif Muna's Tome of Congealing Black Rites (Sif Muna gifted it to you on level 10 of the Dungeon)
 14863 | D:10     | Received a gift from Sif Muna
 14930 | D:11     | Noticed an unseen horror
 15025 | D:11     | Killed an unseen horror
 15101 | D:11     | Reached skill level 13 in Conjurations
 15347 | D:11     | Noticed a two-headed ogre
 15359 | D:11     | Killed a two-headed ogre
 15395 | D:11     | Noticed a white ugly thing
 15402 | D:11     | Killed a white ugly thing
 15415 | D:10     | Learned a level 2 spell: Sublimation of Blood
 15550 | D:11     | Found a staircase to the Lair.
 15570 | D:11     | HP: 2/64 [warg (16)]
 15575 | D:11     | HP: 3/64 [orc warrior/stone (11)]
 15577 | D:11     | Slain by a warg

Skill      XL: |  1  2  3  4  5  6  7  8  9 10 11 |
---------------+----------------------------------+-----
Conjurations   | 2 3 4 6 10 12 13 | 13.4
Spellcasting   | 5 6 9 11 12 | 12.0
Dodging        | 3 4 5 7 8 |  8.2
Fighting       | 1 2 3 4 5 |  5.3
Stealth        | |  2.4
Summonings     | |  1.1
Necromancy     | |  0.8
Translocations | |  1.1

Action                   |  1- 3 |  4- 6 |  7- 9 | 10-12 || total
-------------------------+-------+-------+-------+-------++-------
Melee: Dagger            |     9 |       |       |       ||     9
       Unarmed           |     3 |       |       |       ||     3
       Whip              |     4 |     7 |    13 |       ||    24
       Long sword        |       |       |     5 |       ||     5
       Falchion          |       |       |    44 |   105 ||   149
       Kick              |       |       |       |    32 ||    32
 Cast: Magic Dart        |    95 |   149 |   362 |   419 ||  1025
       Conjure Flame     |       |     3 |     8 |     7 ||    18
       Mephitic Cloud    |       |       |    14 |    23 ||    37
       Blink             |       |       |     5 |     9 ||    14
       Call Imp          |       |       |       |     2 ||     2
       Iskenderun's Myst |       |       |       |    25 ||    25
Invok: Divine Energy     |       |       |     1 |       ||     1
Evoke: Wand              |       |       |     4 |     8 ||    12
  Use: Scroll            |       |     5 |     4 |     4 ||    13
       Potion            |       |       |     2 |     4 ||     6
 Stab: Confused          |       |       |     3 |     1 ||     4
  Eat: Chunk             |     5 |     8 |    12 |    16 ||    41
       Ration            |       |       |     1 |       ||     1
Armor: Robe              |    22 |     9 |    25 |    51 ||   107
       Skin              |       |       |     2 |       ||     2
       Plate armour      |       |       |       |    19 ||    19
Dodge: Dodged            |    50 |    38 |   220 |   348 ||   656
       Rpst.: Long sword |       |       |    11 |       ||    11
       Falchion          |       |       |    14 |    76 ||    90
